 Dungeon Crawl Stone Soup version 0.31-a0-702-gf82c85558f (webtiles) character file.

Game seed: 8819827998005495366

135 qw the Shooter (level 5, -4/32 HPs)
             Began as a Gargoyle Hunter on Sept 8, 2023.
             Slain by an ogre
             ... wielding a +0 giant club
              (14 damage)
             ... on level 4 of the Dungeon.
             The game lasted 00:00:48 (2444 turns).

qw the Shooter (Gargoyle Hunter)                    Turns: 2444, Time: 00:00:48

Health: -4/32      AC: 10    Str: 15    XL:     5   Next: 18%
Magic:  5/5        EV: 11    Int:  9    God:
Gold:   104        SH:  0    Dex: 15    Spells: 4/4 levels left

rFire   . . .        Y - +0 shortbow
rCold   . . .        (shield currently unavailable)
rNeg    + . .        g - +0 ring mail
rPois   inf          i - +0 helmet
rElec   +            (no cloak)
rCorr   .            (no gloves)
SInv    .            (no boots)
Will    .....        (no amulet)
Stlth   +            (no ring)
HPRegen 0.25/turn    (no ring)
MPRegen 0.09/turn

%: no passive effects
@: no status effects
A: sickness immunity, AC +4, negative energy resistance 1, electricity
resistance, torment resistance 1, petrification resistance
a: no special abilities


You were on level 4 of the Dungeon.
You visited 1 branch of the dungeon, and saw 4 of its levels.

You collected 104 gold pieces.


Innate Abilities, Weirdness & Mutations

You are immune to sickness and miasma.
Your stone body is resilient. (AC +4)
You are immune to poison.
You resist negative energy. (rN+)
You are resistant to electric shocks. (rElec)
You are resistant to unholy torment.
You are immune to petrification.


   Skills:
 - Level 3.0 Fighting
 + Level 5.8 Ranged Weapons
 - Level 1.1 Armour
 - Level 1.5 Dodging
 - Level 1.1 Stealth


You had 4 spell levels left.
You didn't know any spells.
Your spell library was empty.

Inventory:

Hand Weapons
 Y - a +0 shortbow (weapon)
Armour
 g - a +0 ring mail (worn)
 i - a +0 helmet (worn)
Scrolls
 a - 2 scrolls of identify
 b - a scroll of teleportation
Potions
 d - a potion of heal wounds
 f - a potion of curing

Dungeon Overview and Level Annotations

Branches:
Dungeon (4/15)
 Temple: D:4-7

Altars:


Message History

An endoplasm comes into view.
You shoot an arrow. The arrow barely misses the endoplasm.
You shoot an arrow.
The arrow hits the endoplasm but does no damage.
You shoot an arrow. The arrow hits the endoplasm.
You kill the endoplasm!
Found a sling.
A ball python comes into view.
You shoot an arrow. The arrow hits the ball python.
You kill the ball python!
Found a stone staircase leading down.
You open the door.
There is an open door here.
Found an escape hatch in the floor.
There is an escape hatch in the floor here.
An ogre comes into view. It is wielding a +0 giant club.
The ogre shouts!
You hear an angry hiss.
You shoot an arrow. The arrow closely misses the ogre.
You shoot an arrow. The arrow barely misses the ogre.
You shoot an arrow. The arrow closely misses the ogre.
A ball python comes into view.
The ball python moves out of view.
You shoot an arrow.
The arrow hits the ogre but does no damage.
The ogre barely misses you.
You shoot an arrow. The arrow hits the ogre!
The ogre is moderately wounded.
The ogre closely misses you.
You shoot an arrow. The arrow hits the ogre.
The ogre is heavily wounded.
You shoot an arrow. The arrow barely misses the ogre.
The ogre barely misses you.
You shoot an arrow.
The arrow hits the ogre but does no damage.
The ogre is heavily wounded.
The ogre hits you with a +0 giant club!!
Ouch! That really hurt!
You shoot an arrow. The arrow closely misses the ogre.
The ogre hits you with a +0 giant club!
You die...

.# ##.#### #.# .#
#.....###.# .#
#.........# .#
###.###>##..#######.
.#
#.....#.#...........
.#
#...#.#.#...#######.
.#########.#.#...#
...........#.##.###
############.##.@.#
<.......
#.####O......
........ #.# .......
........ .......
######## .###... ..
.. .. . ..


You could see an ogre.

Vanquished Creatures
  2 orc wizards (D:3)
  3 adders
  A worm (D:2)
  2 dart slugs
  An orc (D:3)
  3 endoplasms
  2 giant cockroaches
  2 goblins (D:2)
  6 hobgoblins
  7 jackals
  5 kobolds
  A quokka (D:3)
  5 ball pythons
  7 bats
  4 rats
51 creatures vanquished.

Notes
Turn   | Place    | Note
-------+----------+-------------------------------------------
     0 | D:1      | qw the Gargoyle Hunter began the quest for the Orb.
     0 | D:1      | Reached XP level 1. HP: 12/12 MP: 1/1
     0 | D:1      | 0 ||| qw: Version: 0.3-a-76-g4403597
     0 | D:1      | 0 ||| qw: Game counter: 1010
     0 | D:1      | 0 ||| qw: Melee chars always use a shield: true
     0 | D:1      | 0 ||| qw: God list: Okawaru
     0 | D:1      | 0 ||| qw: Allow faded altars: false
     0 | D:1      | 0 ||| qw: Do Orc after clearing Dungeon:15 true
     0 | D:1      | 0 ||| qw: Do second Lair branch before Depths: true
     0 | D:1      | 0 ||| qw: Lair rune preference: random
     0 | D:1      | 0 ||| qw: Goals: Normal
     0 | D:1      | 0 ||| PLANNING D:1-11
   562 | D:1      | 562 ||| UPGRADING to +0 ring mail.
   572 | D:1      | 572 ||| DROPPING +0 leather armour.
   573 | D:1      | 573 ||| UPGRADING to +0 helmet.
   578 | D:1      | 578 ||| READING scroll labelled MOAKYCS ZIAD.
   581 | D:1      | 581 ||| READING scroll labelled MAGOUPN NUQIT.
   582 | D:1      | 582 ||| READING scroll labelled YKUTHR WAFAI.
   583 | D:1      | 583 ||| READING scroll labelled VOAQOC OLAEMEGIYWN.
   584 | D:1      | 584 ||| DRINKING 2 murky yellow potions.
   585 | D:1      | 585 ||| DROPPING scroll of butterflies.
   602 | D:2      | Reached XP level 2. HP: 17/17 MP: 2/2
   640 | D:2      | Reached skill level 1 in Armour
   640 | D:2      | 640 ||| FLEEEEING.
   641 | D:2      | 641 ||| FLEEEEING.
   642 | D:2      | 642 ||| FLEEEEING.
   643 | D:2      | 643 ||| FLEEEEING.
   644 | D:2      | 644 ||| FLEEEEING.
   647 | D:2      | 647 ||| FLEEEEING.
   648 | D:2      | 648 ||| FLEEEEING.
  1034 | D:2      | Reached XP level 3. HP: 21/21 MP: 3/3
  1391 | D:2      | 1391 ||| DROPPING ring of wizardry.
  1392 | D:2      | 1392 ||| READING 2 scrolls of identify.
  1392 | D:2      | 1392 ||| IDENTIFYING glowing pink potion
  1393 | D:2      | 1393 ||| DROPPING potion of attraction.
  1541 | D:3      | Reached skill level 5 in Ranged Weapons
  1541 | D:3      | Reached XP level 4. HP: 26/26 MP: 4/4
  1664 | D:3      | Reached skill level 3 in Fighting
  1954 | D:3      | Reached XP level 5. HP: 32/32 MP: 5/5
  2270 | D:3      | 2270 ||| READING scroll labelled DAEXAB VIM QON.
  2271 | D:3      | 2271 ||| READING scroll labelled ARUVU UPSAERGHE.
  2272 | D:3      | 2272 ||| READING scroll labelled ITELAVVOSIBB.
  2273 | D:3      | 2273 ||| DRINKING 2 fuming red potions.
  2330 | D:4      | 2330 ||| STAIRDANCE
  2435 | D:4      | Noticed an ogre
  2444 | D:4      | Slain by an ogre

Levels and vault maps discovered:
D:1:      elethiomel_arrival_maze, layout_basic
D:2:      layout_basic, dreamdust_princess_bridge
D:3:      layout_loops_corners, minmay_misc_feat_chi
D:4:      layout_basic, mainiacjoe_overflow_alcove_3

Skill      XL: |  1  2  3  4 |
---------------+-------------+-----
Armour         | 1 |  1.1
Ranged Weapons | 5 |  5.8
Fighting       | 3 |  3.0
Dodging        | |  1.5
Stealth        | |  1.1

Action                     |  1- 3 |  4- 6 || total
---------------------------+-------+-------++-------
   Fire: Shortbow          |    81 |    86 ||   167
    Use: Scroll            |     5 |     3 ||     8
         Potion            |     1 |     1 ||     2
 Armour: Leather armour    |     1 |       ||     1
         Ring mail         |    26 |    47 ||    73
  Dodge: Dodged            |    22 |    28 ||    50

Table legend:
 A = Non-vault XP
 B = Vault XP
 C = Vault XP percentage of total XP
 D = Non-vault monster count
 E = Vault monster count
 F = Vault count percentage of total count
                 A         B        C        D         E       F
            +---------+---------+-------+---------+---------+-------
      Total |     193 |       0 |   0.0 |      51 |       0 |   0.0
            +---------+---------+-------+---------+---------+-------
        D:1 |       6 |       0 |   0.0 |       5 |       0 |   0.0
        D:2 |      43 |       0 |   0.0 |      21 |       0 |   0.0
        D:3 |     122 |       0 |   0.0 |      18 |       0 |   0.0
        D:4 |      22 |       0 |   0.0 |       7 |       0 |   0.0
            +---------+---------+-------+---------+---------+-------
